 Dungeon Crawl Stone Soup version 0.28-a0-723-g095bd1b44f (webtiles) character file.

Game seed: 1005159223804684013

70633 Essalna the Destroyer (level 15, -12/95 HPs)
             Began as a Gargoyle Fire Elementalist on Oct 26, 2021.
             Was a High Priest of Vehumet.
             Mangled by Saint Roka (41 damage)
             ... on level 2 of the Orcish Mines.
             The game lasted 01:17:16 (30224 turns).

Essalna the Destroyer (Gargoyle Fire Elementalist) Turns: 30224, Time: 01:17:17

Health: -12/95     AC: 21    Str: 12    XL:     15   Next: 33%
Magic:  18/30      EV: 14    Int: 25    God:    Vehumet [*****.]
Gold:   1830       SH:  4    Dex: 10    Spells: 12/36 levels left

rFire   . . .      SeeInvis +   j - +1 short sword (elec)
rCold   . . .      Faith    .   C - +0 buckler
rNeg    + . .      Spirit   .   T - +1 leather armour {Will+}
rPois   ∞          Reflect  .   q - +2 helmet {Int+3}
rElec   +          Harm     .   I - scarf {repulsion}
rCorr   .          Rampage  .   (no gloves)
Will    ++...                   H - +0 pair of boots
Stlth   ++........              (no amulet)
HPRegen 0.25/turn               V - ring of see invisible
MPRegen 0.22/turn               f - ring of wizardry

@: flying, repel missiles
A: sickness immunity, AC +11, big wings, negative energy resistance 1,
electricity resistance, torment resistance 1, petrification resistance
a: Renounce Religion


You were on level 2 of the Orcish Mines.
You worshipped Vehumet.
Vehumet was extremely pleased with you.
You visited 3 branches of the dungeon, and saw 20 of its levels.
You also visited: Ossuary and Volcano.

You collected 1905 gold pieces.
You spent 75 gold pieces at shops.

Inventory:

Hand Weapons
 j - a +1 short sword of electrocution (weapon)
 k - a +2 mace of flaming
 p - a +1 morningstar of holy wrath
Armour
 h - +0 fire dragon scales
 q - a +2 helmet of intelligence (worn)
 C - a +0 buckler (worn)
 H - a +0 pair of boots (worn)
 I - a scarf of repulsion (worn)
 T - a +1 leather armour of willpower (worn)
 Y - a +2 robe of cold resistance
 Z - a +0 troll leather armour
Magical Staves
 r - a staff of earth
 z - a staff of air
 O - a staff of poison
 R - a staff of conjuration
Jewellery
 a - the ring "Leydd" {Drain rN+ MP+9 Int+2 SInv}
   (You took it off a centaur warrior on level 11 of the Dungeon)

   [ring of magical power]

   Int:       It affects your intelligence (+2).
   rN:        It protects you from negative energy.
   MP:        It affects your magic capacity (+9).
   SInv:      It lets you see invisible.
   Drain:     It drains your maximum health when unequipped.
 d - a ring of protection from cold
 f - a ring of wizardry (right hand)
 g - a +6 ring of dexterity
 B - a +6 ring of dexterity
 E - a ring of ice
 P - an amulet of the acrobat
 V - a ring of see invisible (left hand)
Wands
 n - a wand of polymorph (14)
 N - a wand of acid (2)
 Q - a wand of mindburst (26)
Scrolls
 b - a scroll of blinking
 e - a scroll of torment
 i - 2 scrolls of noise
 m - 5 scrolls of enchant weapon
 o - a scroll of fear
 u - 2 scrolls of silence
 w - 10 scrolls of identify
 x - a scroll of amnesia
 y - a scroll of enchant armour
 L - 2 scrolls of holy word
 S - 2 scrolls of fog
 X - 2 scrolls of magic mapping
Potions
 c - a potion of flight
 l - 6 potions of attraction
 s - 2 potions of degeneration
 t - 3 potions of invisibility
 v - 2 potions of ambrosia {unknown}
 A - a potion of haste {unknown}
 D - 2 potions of curing
 F - a potion of cancellation {unknown}
 J - a potion of resistance {unknown}
 K - 2 potions of might {unknown}
 M - a potion of mutation {unknown}
 W - 2 potions of brilliance


   Skills:
 + Level 11.5 Fighting
 - Level 9.0 Armour
 - Level 9.0 Dodging
 - Level 2.1 Stealth
 - Level 4.0 Shields
 + Level 11.4 Spellcasting
 - Level 13.1 Conjurations
 + Level 12.6 Fire Magic


You had 12 spell levels left.
You knew the following spells:

 Your Spells              Type           Power      Damage    Failure   Level
a - Foxfire               Conj/Fire      100%       2x1d9     1%          1
b - Scorch                Fire           100%       2d10      1%          2
c - Flame Wave            Conj/Fire      68%        3d12      1%          4
d - Sticky Flame          Conj/Fire      68%        2d8       1%          4
e - Fireball              Conj/Fire      34%        3d14      1%          5
f - Ignition              Fire           33%        3d10      19%         8

Your spell library contained the following spells:

 Spells                   Type           Power      Damage    Failure   Level
 Eringya's Noxious Bog    Tmut/Pois      7%         N/A       56%         6
 Poisonous Vapours        Pois/Air       28%        N/A       1%          2
 Conjure Flame            Conj/Fire      68%        6-21      1%          3
 Dazzling Flash           Conj/Hex       94%        N/A       1%          3
 Ignite Poison            Fire/Tmut/Pois 35%        N/A       1%          3
 Inner Flame              Hex/Fire       46%        N/A       1%          3
 Hailstorm                Conj/Ice       47%        3d11      1%          4
 Sting                    Tmut/Pois      56%        1d5       2%          1
 Summon Small Mammal      Summ           56%        N/A       2%          1
 Ensorcelled Hibernation  Hex/Ice        28%        N/A       3%          2
 Call Canine Familiar     Summ           14%        N/A       6%          3
 Ozocubu's Armour         Ice            14%        N/A       6%          3
 Portal Projectile        Hex/Tloc       28%        N/A       6%          3
 Tukima's Dance           Hex            14%        N/A       6%          3
 Olgreb's Toxic Radiance  Pois           14%        N/A       6%          4
 Ice Form                 Ice/Tmut       14%        N/A       21%         4
 Leda's Liquefaction      Hex/Erth       7%         N/A       21%         4
 Summon Ice Beast         Ice/Summ       14%        N/A       21%         4
 Spellforged Servitor     Conj/Summ      23%        N/A       28%         7
 Agony                    Necr           14%        N/A       47%         5
 Metabolic Englaciation   Hex/Ice        7%         N/A       47%         5
 Silence                  Hex/Air        7%         N/A       47%         5
 Simulacrum               Ice/Necr       7%         N/A       95%         6
 Ozocubu's Refrigeration  Ice            7%         4d6       96%         7
 Monstrous Menagerie      Summ           7%         N/A       100%        7


Dungeon Overview and Level Annotations

Branches:
Dungeon (12/15)            Temple (0/1) D:6            Lair (6/6) D:9
  Swamp (0/4) Lair:2        Snake (0/4) Lair:2        Slime (0/5) Lair:6
    Orc (2/2) D:12        Ossuary (visited)         Volcano (visited)
    Elf: Orc:2

Altars:
Elyvilon
Fedhas
Kikubaaqudgha
Makhleb
Sif Muna
Trog
Uskayaw
Vehumet
Zin
Jiyva

Shops:
D:8 =   D:10 *

Annotations:
Orc:2 Saint Roka


Innate Abilities, Weirdness & Mutations

You are immune to sickness and miasma.
Your stone body is resilient. (AC +11)
You are immune to poison.
Your large and strong wings let you fly.
You resist negative energy. (rN+)
You are resistant to electric shocks. (rElec)
You are resistant to unholy torment.
You are immune to petrification.


Message History

The flame wave engulfs the orc warrior!
The orc warrior is moderately wounded.
You finish channelling waves of flame.
The ogre closely misses you. You block Saint Roka's attack.
Casting: Flame Wave (safe; 1% risk of failure)
Confirm with . or Enter, or press ? or * to list all spells.
Casting: Flame Wave (safe; 1% risk of failure)
Press: ? - help, Dir - look around, f - activate A wave of flame ripples out!
The flame wave engulfs Saint Roka!
Saint Roka is moderately wounded.
The flame wave engulfs the ogre!
You kill the ogre!
Vehumet accepts your kill.
You feel your power returning. (Press . to intensify the flame waves.)
An orc warrior comes into view. It is wielding a +0 long sword.
You block Saint Roka's attack.
A wave of flame ripples out!
The flame wave engulfs Saint Roka!
Saint Roka is heavily wounded.
The flame wave engulfs the ogre!!
You kill the ogre!
Vehumet accepts your kill.
You feel your power returning.
Saint Roka invokes the aid of Beogh against you.
Beogh smites you!
* * * LOW HITPOINT WARNING * * *
An orc comes into view. It is wielding a +0 hand axe.
A wave of flame ripples out!
The flame wave engulfs Saint Roka!
Saint Roka is heavily wounded.
The flame wave engulfs the orc warrior!
The orc warrior is almost dead.
Vehumet accepts your kill.
You feel a bit more experienced.
The flame wave engulfs the orc!!
You kill the orc!
Vehumet accepts your kill.
You feel your power returning. Vehumet accepts your kill.
You feel your power returning.
You feel a bit more experienced.
Saint Roka hits you with a +0 great mace!!!
You die...

......o..###
..o...$...##
...........#
...))..... ..
#.))o..# ...)
#.)oo##
....[#[#o#)##
...[[[).)@).#
...[)))[[(.##
....[[.#.###
#.....####
##..## ....
... ..


You could see Saint Roka (strong), 2 orc warriors and 2 orcs.

Vanquished Creatures
  Nessos (Lair:5)
  Snorg (Lair:3)
  A fire dragon (D:10)
  Harold (D:8)
  10 hydras
  A boulder beetle (D:12)
  Erica (D:8)
  2 centaur warriors
  An ice dragon (shapeshifter) (D:10)
  4 two-headed ogres
  The ghost of TimeIsEndless the Slasher, a journeyman VSBe of Trog (D:10)
  7 skeletal warriors
  A goliath frog (Lair:6)
  A bog body (Lair:2)
  A necromancer (Lair:3)
  3 orc knights (Orc:2)
  A deep elf pyromancer (D:12)
  2 ugly things (D:12)
  An orc sorcerer (Orc:2)
  7 cyclopes (D:12)
  4 manticores (D:12)
  5 elephants (Lair:5)
  Joseph (D:8)
  A black mamba (Lair:5)
  Maurice (D:8)
  2 gargoyles
  21 cane toads
  An unseen horror (D:12)
  6 rime drakes
  5 komodo dragons
  A freezing wraith (D:12)
  The ghost of flt the Skirmisher, an amateur OgAM (D:3)
  The ghost of Lekart the Slasher, an amateur DrMo of the Shining One (D:7)
  3 meliai
  2 hornets
  6 trolls
  2 tyrant leeches (Lair:6)
  12 blink frogs (Lair:6)
  2 polar bears
  6 slime creatures
  3 shadows
  26 yaks
  4 wyverns
  5 steam dragons
  5 wraiths
  4 basilisks
  15 vampire mosquitoes
  3 wargs
  2 acid dragons
  25 water moccasins
  Duvessa (D:6)
  2 ice beasts (D:5)
  23 orc warriors
  2 sky beasts
  A black bear (D:4)
  A necrophage (D:6)
  2 elephant zombies (Lair:3)
  16 wolves
  8 ogres
  6 centaurs
  A phantom (D:4)
  2 kobold brigands
  2 elf zombies (Ossuary)
  A komodo dragon zombie (Lair:3)
  19 bullfrogs
  2 wyvern zombies (D:8)
  6 scorpions
  A water moccasin zombie (D:6)
  Dowan (D:6)
  A troll zombie (Ossuary)
  7 killer bees
  3 howler monkeys
  9 wights
  13 electric eels
  3 quasits (D:3)
  2 jellies
  6 centaur zombies
  2 hounds
  13 orc priests
  A centaur skeleton (D:7)
  A bullfrog skeleton (D:5)
  4 iguanas
  Ijyb (D:3)
  21 orc wizards
  4 hell rats (Lair:5)
  3 ogre zombies (Ossuary)
  2 hound skeletons
  7 mummies (Ossuary)
  A howler monkey zombie (D:9)
  A howler monkey skeleton (D:5)
  4 gnolls
  7 adders
  4 white imps
  5 adder zombies (Ossuary)
  3 worms
  5 dart slugs
  103 orcs
  6 bats
  6 endoplasms
  2 giant cockroaches
  8 goblins
  6 hobgoblins
  6 jackals
  12 kobolds
  14 ball pythons
  3 frilled lizards
  A gnoll zombie (Ossuary)
  6 goblin zombies (Ossuary)
  2 hobgoblin zombies (Ossuary)
  5 kobold zombies (Ossuary)
  An orc zombie (Ossuary)
  A quokka zombie (Ossuary)
  A rat (D:2)
  2 rat zombies (Ossuary)
  A spectral orc (D:12)
  2 bushes (Lair:5)
  A butterfly (Lair:1)
642 creatures vanquished.

Vanquished Creatures (collateral kills)
  A manticore (D:12)
  A howler monkey (D:12)
  34 foxfires
36 creatures vanquished.

Vanquished Creatures (others)
  1557 foxfires
  30 fungi
  127 plants
1714 creatures vanquished.

Grand Total: 2392 creatures vanquished

Notes
Turn   | Place    | Note
-------+----------+-------------------------------------------
     0 | D:1      | Essalna the Gargoyle Fire Elementalist began the quest for
                  | the Orb.
     0 | D:1      | Reached XP level 1. HP: 10/10 MP: 3/3
   100 | D:1      | Reached XP level 2. HP: 4/15 MP: 0/5
   889 | D:1      | Reached skill level 2 in Conjurations
   889 | D:1      | Reached XP level 3. HP: 15/19 MP: 4/6
  2071 | D:2      | Reached XP level 4. HP: 24/24 MP: 4/8
  2328 | D:2      | Learned a level 2 spell: Scorch
  2617 | D:3      | Noticed Ijyb
  2919 | D:3      | Noticed flt's ghost (amateur OgAM)
  3229 | D:3      | Killed Ijyb
  3230 | D:3      | Reached skill level 3 in Conjurations
  3230 | D:3      | Reached XP level 5. HP: 26/28 MP: 2/9
  3484 | D:3      | Found a transporter.
  3636 | D:3      | Learned a level 4 spell: Flame Wave
  3682 | D:3      | Found a faded altar of an unknown god.
  3740 | D:3      | Found a transporter.
  3775 | D:3      | Found a bloodstained altar of Trog.
  3776 | D:3      | Found a burning altar of Makhleb.
  3776 | D:3      | Found a blossoming altar of Fedhas.
  4184 | D:4      | Noticed a phantom
  4191 | D:4      | Killed a phantom
  4192 | D:4      | Reached XP level 6. HP: 32/32 MP: 3/11
  4364 | D:4      | Reached skill level 4 in Conjurations
  4683 | D:4      | Noticed a black bear
  4688 | D:4      | Killed a black bear
  4689 | D:4      | Reached skill level 5 in Fire Magic
  4689 | D:4      | Reached XP level 7. HP: 28/36 MP: 1/13
  5225 | D:4      | Reached skill level 5 in Conjurations
  5353 | D:4      | Learned a level 4 spell: Sticky Flame
  5381 | D:5      | Entered Level 5 of the Dungeon
  5524 | D:5      | Reached skill level 5 in Spellcasting
  5524 | D:5      | Reached XP level 8. HP: 41/41 MP: 2/15
  5584 | D:5      | Found a sand-covered staircase.
  5594 | Ossuary  | Entered an ossuary
  6220 | Ossuary  | Reached skill level 6 in Conjurations
  6612 | D:5      | Found a hide-covered altar of Uskayaw.
  6689 | D:5      | Identified the +4 ring mail of New Discoveries {rF+ Str+4
                  | Slay+6}
  7348 | D:5      | Reached skill level 7 in Conjurations
  7348 | D:5      | Reached XP level 9. HP: 26/45 MP: 1/18
  7601 | D:5      | Found a shimmering blue altar of Sif Muna.
  7779 | D:3      | Killed flt's ghost
  7780 | D:3      | Reached skill level 1 in Fighting
  7780 | D:3      | Reached skill level 1 in Armour
  8507 | D:6      | Noticed Dowan
  8510 | D:6      | Noticed Duvessa
  8598 | D:7      | Found a large runed translucent door.
  8598 | D:7      | Found a large runed translucent door.
  8602 | D:7      | Noticed Lekart's ghost (amateur DrMo)
  8752 | D:7      | Found a radiant altar of Vehumet.
  8753 | D:7      | Found a white marble altar of Elyvilon.
  8755 | D:7      | Found a glowing silver altar of Zin.
  8761 | D:7      | Became a worshipper of Vehumet
  8856 | D:7      | Reached skill level 1 in Shields
  9274 | D:6      | Found a staircase to the Ecumenical Temple.
  9603 | D:6      | Killed Duvessa
  9608 | D:6      | Killed Dowan
 10635 | D:7      | Identified a scroll of acquirement
 10635 | D:7      | Acquired a +2 helmet of intelligence
 10696 | D:7      | Killed Lekart's ghost
 10697 | D:7      | Reached XP level 10. HP: 56/56 MP: 20/20
 10876 | D:8      | Found a viscous altar of Jiyva.
 11073 | D:8      | Noticed Maurice
 11082 | D:8      | Killed Maurice
 11083 | D:8      | Reached skill level 8 in Conjurations
 11596 | D:8      | Found a transporter.
 11598 | D:8      | Found a transporter.
 11653 | D:8      | Noticed Joseph
 11660 | D:8      | Noticed Erica
 11663 | D:8      | Reached * piety under Vehumet
 11663 | D:8      | Offered knowledge of Sandblast by Vehumet.
 11664 | D:8      | Killed Joseph
 12074 | D:9      | Found a staircase to the Lair.
 12729 | Lair:1   | Entered Level 1 of the Lair of Beasts
 12744 | Lair:1   | Noticed a cane toad
 12752 | Lair:1   | Killed a cane toad
 12755 | Lair:1   | Found a dark tunnel.
 12767 | Volcano  | Entered a volcano
 12895 | Volcano  | Noticed a gargoyle
 12895 | Volcano  | Noticed a gargoyle
 13250 | Lair:1   | Reached XP level 11. HP: 59/62 MP: 15/22
 13434 | Lair:1   | Reached skill level 5 in Armour
 13828 | Lair:2   | Acquired a scarf of repulsion
 13908 | Lair:2   | Noticed a bog body
 13918 | Lair:2   | Killed a bog body
 13919 | Lair:2   | Reached skill level 5 in Fighting
 13972 | Lair:2   | Found a staircase to the Swamp.
 14122 | Lair:2   | Offered knowledge of Magic Dart by Vehumet.
 14122 | Lair:2   | Reached ** piety under Vehumet
 14124 | Lair:2   | Reached skill level 9 in Conjurations
 14306 | Lair:2   | Found a staircase to the Snake Pit.
 15214 | Lair:3   | Offered knowledge of Static Discharge by Vehumet.
 15215 | Lair:3   | Reached skill level 5 in Dodging
 15218 | Lair:3   | Noticed a seven-headed hydra
 15372 | Lair:4   | Noticed a four-headed hydra
 15384 | Lair:4   | Killed a four-headed hydra
 15467 | Lair:4   | Noticed a five-headed hydra
 15476 | Lair:4   | Killed a five-headed hydra
 15554 | Lair:4   | Reached XP level 12. HP: 71/71 MP: 9/24
 15867 | Lair:4   | Identified the +10 falchion "Vavos" {spect, Fly rC+ Str+3
                  | Dex-4}
 15878 | Lair:4   | Identified the +2 hand crossbow of Pain and Death {elec,
                  | rN+ Dex+2}
 16017 | Lair:4   | Reached skill level 10 in Conjurations
 16246 | Lair:3   | Reached *** piety under Vehumet
 16409 | Lair:3   | Killed a seven-headed hydra
 16522 | Lair:3   | Noticed a seven-headed hydra
 16527 | Lair:3   | Killed a seven-headed hydra
 16878 | Lair:3   | Offered knowledge of Iskenderun's Mystic Blast by Vehumet.
 17661 | Lair:5   | Noticed an eight-headed hydra
 17674 | Lair:5   | Killed an eight-headed hydra
 17675 | Lair:5   | Reached skill level 10 in Fire Magic
 17821 | Lair:5   | Noticed Nessos
 17861 | Lair:5   | Reached **** piety under Vehumet
 17863 | Lair:5   | Reached XP level 13. HP: 25/78 MP: 19/26
 17863 | Lair:5   | Killed Nessos
 17863 | Lair:5   | Offered knowledge of Lightning Bolt by Vehumet.
 17894 | Lair:5   | Reached skill level 11 in Conjurations
 18262 | Lair:5   | You fall into a shaft and drop 1 floor!
 18262 | Lair:6   | Entered Level 6 of the Lair of Beasts
 18281 | Lair:6   | Reached ***** piety under Vehumet
 19034 | Lair:6   | Offered knowledge of Fireball by Vehumet.
 19279 | Lair:6   | Found a viscous altar of Jiyva.
 19280 | Lair:6   | Found a staircase to the Slime Pits.
 20334 | Lair:3   | Noticed Snorg
 20351 | Lair:3   | Killed Snorg
 20461 | Lair:3   | Learned a level 5 spell: Fireball
 20786 | D:8      | Reached skill level 10 in Spellcasting
 20907 | D:8      | Killed Erica
 21127 | D:8      | Noticed Harold
 21132 | D:8      | Killed Harold
 21265 | D:8      | Found Popsyr's Jewellery Shoppe.
 21557 | D:8      | Gained mutation: Your large and strong wings let you fly.
                  | [Gargoyle growth]
 21557 | D:8      | Reached XP level 14. HP: 50/86 MP: 26/28
 21900 | D:9      | Reached skill level 12 in Conjurations
 22286 | D:10     | Entered Level 10 of the Dungeon
 23656 | D:10     | Found Nuitruq's General Store.
 23659 | D:10     | Bought a potion of heal wounds for 75 gold pieces
 23755 | D:10     | Offered knowledge of Fulminant Prism by Vehumet.
 23876 | D:10     | Identified the +1 chain mail "Trusted Companion" {rPois
                  | Str+3}
 23969 | D:10     | Reached skill level 10 in Fighting
 24364 | D:10     | Found a runed translucent gate.
 24364 | D:10     | Found a runed translucent gate.
 24364 | D:10     | Found a runed translucent gate.
 24367 | D:10     | You are sucked into a shaft and drop 2 floors!
 25812 | D:10     | Noticed TimeIsEndless's ghost (journeyman VSBe)
 26231 | D:10     | Found an ancient bone altar of Kikubaaqudgha.
 26425 | D:10     | Killed TimeIsEndless's ghost
 26788 | D:12     | Identified the ring "Leydd" {Drain rN+ MP+9 Int+2 SInv}
 27896 | D:12     | Reached skill level 13 in Conjurations
 27996 | D:12     | Reached XP level 15. HP: 93/93 MP: 13/30
 28779 | D:12     | Got the Tome of the Entourage
 28789 | D:12     | Learned a level 8 spell: Ignition
 29252 | D:12     | Found a staircase to the Orcish Mines.
 29295 | Orc:1    | Entered Level 1 of the Orcish Mines
 29797 | Orc:1    | Found a bloodstained altar of Trog.
 30020 | Orc:2    | Entered Level 2 of the Orcish Mines
 30030 | Orc:2    | Offered knowledge of Eringya's Noxious Bog by Vehumet.
 30211 | Orc:2    | Noticed Saint Roka
 30224 | Orc:2    | Mangled by Saint Roka

Illustrated notes

Levels and vault maps discovered:
D:1:      ncdulo_smallfort, layout_basic
D:2:      layout_rooms
D:3:      layout_basic, chequers_temple_overflow_statue_of_worship,
          gammafunk_ghost_stat_death, hellmonk_ecumenical_altar_heavens_door,
          st_stairs_10, minmay_misc_feat_columns, uniq_ijyb
D:4:      layout_cave_pools, hangedman_minor_gate_pass
D:5:      layout_layer_cave, nicolae_uskayaw_murder_on_the_dancefloor,
          mainiacjoe_overflow_alcove_4, nicolae_ossuary_entry_ruins,
          minivault_23, minmay_pentangle
D:6:      layout_basic, minmay_temple_entry_waves, minmay_misc_feat_roman,
          st_stairs_11, kennysheep_generic_room_10, uniq_duvessa
D:7:      layout_basic, gammafunk_temple_overflow_forgotten,
          ebering_ghost_disaster_area, lightli_orcish_oven
D:8:      gammafunk_jiyva_shrine, layout_basic, minmay_shop_enchanted_jewellery,
          uniq_harold, uniq_joseph, uniq_maurice, uniq_erica
D:9:      layout_stronghold, dpeg_oklobed_lair, kennysheep_kite_vault
D:10:     nzn_winding_woodlands_cross [nzn_winding_woodlands_5x15_pockets,
          nzn_winding_woodlands_5x15_pool,
          nzn_winding_woodlands_5x15_split_checker,
          nzn_winding_woodlands_5x15_eye, nzn_winding_woodlands_15x15_eel_pit],
          layout_cave_pods, lemuel_coloured_pillars_altar, serial_shops,
          nicolae_stop_n_shop_1, gammafunk_ghost_split, minivault_26
D:11:     layout_basic
D:12:     minmay_the_grid_octo_tiled_squarecenter_mashed
          [minmay_the_grid_octo_pinwheel, minmay_the_grid_octo_chip,
          minmay_the_grid_octo_odd_swirl, minmay_the_grid_octo_focus,
          minmay_the_grid_square_5x5_megaprize_diamond,
          minmay_the_grid_square_5x5_one_wall,
          minmay_the_grid_square_5x5_shuriken,
          minmay_the_grid_square_5x5_three_small,
          minmay_the_grid_square_5x5_hourglass], layout_gridville,
          yredelemnul_forgotten_temple_becter
Lair:1:   layout_roguey, enter_volcano_2, serial_bayou_shore_a,
          infiniplex_staircase_pool_2, lemuel_fruit_fields
Lair:2:   layout_regular_city, skrybe_swamp_entry_bodies,
          minmay_snake_entry_six_corridors, small_statue_intersection,
          chequers_serial_rivers_micro_c
Lair:3:   pond_and_an_island_with_a_cottage, layout_chaotic_city, uniq_snorg
Lair:4:   layout_misc_corridors
Lair:5:   layout_loops_ring, serial_forest, infiniplex_forest_straight_4,
          infiniplex_forest_clump_small, infiniplex_forest_lined_3,
          infiniplex_forest_fountain, infiniplex_forest_end_3, uniq_nessos
Lair:6:   minmay_lair_end_frog_pond, layout_cave_pods,
          dpeg_slime_entry_enclosed_altar, serial_bayou, serial_bayou_crossing,
          serial_bayou_shore_b, serial_bayou_lake_a, serial_bayou_ford_a
Orc:1:    layout_caves, trog_butcher_becter, uniq_erolcha
Orc:2:    grunt_orc_tribal_feast, layout_caves, uniq_saint_roka

Skill      XL: |  1  2  3  4  5  6  7  8  9 10 11 12 13 14 15 |
---------------+----------------------------------------------+-----
Conjurations   | 2 3 4 5 7 8 9 10 11 13 | 13.1
Spellcasting   | 3 4 5 6 7 8 9 10 11 | 11.4
Fire Magic     | 4 5 7 8 9 10 11 12 | 12.6
Fighting       | 3 4 6 8 9 10 11 | 11.5
Armour         | 3 4 6 8 9 |  9.0
Dodging        | 3 4 5 6 7 8 9 |  9.0
Shields        | 2 4 |  4.0
Stealth        | |  2.1

Action                   |  1- 3 |  4- 6 |  7- 9 | 10-12 | 13-15 || total
-------------------------+-------+-------+-------+-------+-------++-------
Melee: Unarmed           |     9 |     1 |       |       |       ||    10
       Short sword       |       |    14 |    38 |   100 |   105 ||   257
       Morningstar       |       |       |    91 |       |       ||    91
 Cast: Foxfire           |    80 |   130 |   215 |   413 |    88 ||   926
       Scorch            |       |     6 |    32 |    22 |     6 ||    66
       Flame Wave        |       |       |     3 |    15 |    43 ||    61
       Sticky Flame      |       |       |       |    34 |    39 ||    73
       Fireball          |       |       |       |       |   182 ||   182
Evoke: Wand              |       |       |       |       |    24 ||    24
  Use: Scroll            |       |       |    19 |     2 |     9 ||    30
       Potion            |       |       |     1 |     3 |     6 ||    10
 Stab: Sleeping          |       |       |     8 |       |       ||     8
Armor: Robe              |     3 |     8 |    69 |   101 |    32 ||   213
       Leather armour    |       |       |       |       |    88 ||    88
Dodge: Dodged            |     9 |    13 |   107 |   180 |   238 ||   547
       Repelled          |       |       |       |     1 |     9 ||    10
Block: Buckler           |       |       |     7 |    79 |    84 ||   170

Table legend: (Time is in decaauts)
 A = Elapsed time spent in this place.
 B = Non-inter-level travel time spent in this place.
 C = Inter-level travel time spent in this place.
 D = Time resting spent in this place.
 E = Time spent auto-exploring this place.
 F = Levels seen in this place.
 G = Mean time per level.
                   A        B        C        D        E       F      G
               +--------+--------+--------+--------+--------+-----+--------+
         Total |  30438 |  28858 |   1580 |   1665 |  23086 |  22 | 1383.5 |
       Dungeon |  20798 |  19562 |   1236 |   1399 |  15458 |  12 | 1733.2 |
          Lair |   7866 |   7548 |    318 |    116 |   6428 |   6 | 1311.0 |
  Orcish Mines |    597 |    572 |     25 |    150 |    286 |   2 |  298.5 |
       Ossuary |   1031 |   1031 |      0 |      0 |    786 |   1 | 1031.0 |
       Volcano |    143 |    143 |      0 |      0 |    127 |   1 |  143.0 |
               +--------+--------+--------+--------+--------+-----+--------+

Top non-repeatable levels by time:
    D:11: 2757 daAuts
    D:12: 2669 daAuts
    D:10: 1932 daAuts
     D:8: 1890 daAuts
     D:9: 1728 daAuts
  Lair:6: 1702 daAuts
     D:3: 1607 daAuts
  Lair:3: 1495 daAuts
     D:1: 1451 daAuts
     D:7: 1426 daAuts
     D:6: 1391 daAuts
     D:5: 1356 daAuts
     D:4: 1327 daAuts
  Lair:4: 1293 daAuts
  Lair:2: 1276 daAuts
